AoeStats
← Zumoshi

Arabia

507651704Analyzed
1v1 RM · 14d ago on Sep 19, 2026· 31m 5s· 2 players
Game mode
Random Map
Map size
Tiny (2 player)
Population
200
Speed
Normal
Resources
Standard
Victory
Conquest
Starting age
Dark Age
Ending age
Imperial Age
RankedLock teamsTeams togetherTeam positionsShared explorationLock speedFull tech treeHidden civsTurbo modeCheats
Victory
Defeat
🇦🇷 Lithuanians · Argentina
1151
+17
🇮🇱 Cumans · Israel
1165
-17
fidel8a
5:11 Loom
9:05 Feudal Age
9:47 Double-Bit Axe
13:42 Fletching
15:37 Padded Archer Armor
16:18 Horse Collar
21:24 Bloodlines
27:17 Castle Age
27:06 Scale Barding Armor
27:12 Forging
28:32 Chain Barding Armor
31:07 Forging
Zumoshi
6:40 Loom
9:57 Feudal Age
10:54 Double-Bit Axe
13:20 Fletching
16:05 Padded Archer Armor
28:03 Castle Age
27:42 Scale Barding Armor
28:05 Forging
29:20 Wheelbarrow
29:09 Chain Barding Armor
Connection lost

Rejoining the realm…

Still unreachable

The connection could not be restored.

Session expired

The server has moved on; the page needs a fresh start.